Map: Amygdala

Players

VITmaru (Maru) - Winner!

  • Race: Terran Terran
  • Spawn Location: 1:00

ShoWTimE

  • Race: Protoss Protoss
  • League: Master
  • Spawn Location: 7:00

Event: HomeStory Cup XXVI

VOD

Have the link to the VOD?

Description

Time

  • Played on: Nov. 29, 2024, 4:18 p.m.
  • Length: 6:51

All games in this series

Show
View Real Time Build Order
Export as new Build Order

VITmaru Terran - Winner!

Build Orders:  

Get SALT Encoding   

  12  0:00  SCV  
  13  0:12  SCV  
  14  0:16  Supply Depot  
  14  0:24  SCV  
  15  0:38  SCV  
  15  0:39  Barracks  
  16  0:43  Refinery  
  16  0:50  SCV  
  17  1:02  SCV  
  18  1:14  SCV  
  19  1:26  Marine  
  19  1:27  Orbital Command  
  20  1:39  Command Center  
  20  1:49  Factory  
  20  1:53  SCV  
  21  2:01  Supply Depot  
  21  2:03  Barracks Reactor  
  21  2:06  SCV  
  22  2:12  Refinery  
  22  2:18  SCV  
  23  2:30  SCV  
  24  2:37  Starport  
  24  2:42  Hellion x2  
  24  2:43  SCV  
  29  2:55  SCV  
  29  2:56  Orbital Command  
  30  3:00  Barracks Tech Lab  
  30  3:03  Widow Mine x2  
  34  3:10  SCV  
  35  3:14  Medivac  
  35  3:15  Supply Depot  
  37  3:22  SCV  
  37  3:23  SCV  
  37  3:25  Widow Mine  
  41  3:27  Widow Mine  
  44  3:34  SCV  
  44  3:35  SCV  
  46  3:41  Supply Depot  
  46  3:46  SCV  
  46  3:47  SCV  
  46  3:48  Starport Tech Lab  
  47  3:53  Barracks  
  47  3:55  Siege Tank  
  50  3:57  Marine  
  50  3:58  SCV, Marine  
  53  4:04  Refinery  
  53  4:05  Supply Depot  
  53  4:06  SCV  
  54  4:10  SCV  
  54  4:15  Marine x2, Banshee  
  60  4:18  SCV  
  60  4:22  Supply Depot  
  61  4:29  Siege Tank  
  61  4:30  SCV  
  65  4:33  SCV, Marine x2  
  68  4:40  Supply Depot  
  68  4:42  SCV  
  69  4:46  Marine  
  69  4:50  SCV  
  69  4:51  Marine x2  
  73  4:55  Supply Depot  
  73  4:58  Banshee  
  74  5:02  Siege Tank  
  74  5:04  Marine  
  74  5:07  Engineering Bay  
  78  5:08  SCV  
  78  5:09  SCV, Marine  
  81  5:21  SCV, Barracks  
  82  5:22  Marine  
  82  5:24  SCV  
  82  5:25  Barracks Tech Lab  
  84  5:33  Supply Depot, SCV  
  84  5:34  Siege Tank  
  88  5:36  SCV  
  89  5:45  SCV  
  89  5:48  SCV  
  91  5:55  Marine  
  91  5:56  Marine  
  93  5:57  SCV  
  93  6:00  SCV, Marine  
  93  6:04  Raven  
  94  6:12  Marine  
  94  6:14  Refinery  
  94  6:16  Marine  
  94  6:17  Barracks Tech Lab, Marine  
  95  6:22  Command Center  
  98  6:26  SCV  
  98  6:28  Supply Depot  
Show
View Real Time Build Order
Export as new Build Order

ShoWTimE Protoss 

Build Orders: 1 Gate Expand, Phoenix Opening, Blink Stalkers 

Get SALT Encoding   

  12  0:00  Probe  
  13  0:12  Probe  
  14  0:17  Pylon  
  14  0:23  Probe  
  15  0:31  Probe  
  15  0:36  Gateway  
  15  0:39  Probe  
  16  0:45  Assimilator  
  17  0:50  Probe  
  18  1:02  Probe  
  19  1:15  Probe  
  20  1:22  Nexus  
  20  1:33  Cybernetics Core  
  20  1:34  Probe  
  21  1:40  Assimilator  
  21  1:47  Probe  
  22  1:49  Pylon  
  22  1:57  Stalker  
  22  1:59  Probe  
  23  2:09  Warp Gate  
  23  2:11  Probe  
  26  2:23  Probe  
  26  2:25  Phoenix  
  26  2:26  Sentry  
  29  2:30  Probe  
  29  2:35  Probe  
  31  2:38  Probe  
  31  2:41  Twilight Council  
  32  2:47  Probe  
  32  2:48  Probe  
  32  2:49  Stalker  
  32  2:50  Blink  
  34  2:55  Gateway  
  36  2:59  Probe  
  36  3:00  Probe  
  38  3:06  Gateway  
  38  3:11  Probe  
  38  3:12  Probe, Phoenix  
  40  3:22  Pylon  
  40  3:23  Probe  
  41  3:27  Probe  
  42  3:35  Probe  
  42  3:39  Probe  
  44  3:46  Nexus  
  44  3:57  Stalker x2  
  44  4:01  Stalker  
  50  4:05  Pylon  
  50  4:13  Probe x2  
  52  4:18  Pylon  
  52  4:21  Pylon  
  52  4:23  Assimilator  
  52  4:24  Stalker  
  52  4:25  Assimilator  
  52  4:27  Probe x2  
  55  4:35  Pylon  
  55  4:37  Stalker  
  55  4:38  Robotics Facility  
  57  4:39  Probe  
  57  4:40  Probe  
  57  4:42  Pylon  
  59  4:51  Probe x2  
  59  4:56  Probe  
  59  4:59  Probe  
  59  5:04  Probe x2  
  59  5:05  Gateway, Forge  
  59  5:06  Charge  
  62  5:07  Probe  
  64  5:15  Shield Battery, Probe  
  64  5:16  Sentry, Probe  
  64  5:19  Probe  
  69  5:26  Observer  
  69  5:27  Probe  
  69  5:28  Robotics Bay, Probe  
  72  5:33  Probe  
  73  5:35  Stalker  
  73  5:38  Stalker  
  77  5:49  Stalker  
  78  5:55  Nexus  
  72  6:09  Pylon  
  71  6:18  Shield Battery  
  71  6:23  Pylon  
  71  6:26  Pylon  
  71  6:27  Pylon  
  71  6:28  Pylon  
  71  6:31  Pylon  
  71  6:33  Cybernetics Core  
Tags
 
Add a new tag
Caveats
  • Supply blocks, unpowered buildings, or Contaminate may cause inaccurate times.
  • Supply counts are checked every 10 seconds.